 Dungeon Crawl Stone Soup version 0.32-a0-576-g706899e69d (webtiles) character file.

Game seed: 13254958286933275863

718 BeKind the Ducker (level 7, -5/50 HPs)
             Began as an Octopode Fighter on Mar 2, 2024.
             Was a Priest of Qazlal.
             Slain by a two-headed ogre
             ... wielding a +0 giant spiked club
              (11 damage)
             ... on level 5 of the Dungeon.
             The game lasted 00:02:59 (2773 turns).

BeKind the Ducker (Octopode Fighter)                Turns: 2773, Time: 00:03:00

Health: -5/50      AC:  1    Str: 18    XL:     7   Next: 70%
Magic:  7/7        EV: 14    Int: 10    God:    Qazlal [***...]
Gold:   299        SH:  8    Dex: 11    Spells: 6/6 levels left

rFire   . . .        a - +0 trident
rCold   . . .        b - +0 buckler
rNeg    . . .        (helmet restricted)
rPois   .            (no amulet)
rElec   .            (no ring)
rCorr   .            (no ring)
SInv    .            (no ring)
Will    .....        (no ring)
Stlth   ++           (no ring)
HPRegen 0.28/turn    (no ring)
MPRegen 0.10/turn    (no ring)
                     (no ring)

%: no passive effects
@: mighty
A: almost no armour, amphibious, 8 rings, camouflage 1, gelatinous body 1,
(nimble swimmer 1), tentacles
a: Renounce Religion, Upheaval, Elemental Force


You were on level 5 of the Dungeon.
You worshipped Qazlal.
Qazlal was most pleased with you.
You visited 1 branch of the dungeon, and saw 5 of its levels.

You collected 299 gold pieces.

Inventory:

Hand Weapons
 a - a +0 trident (weapon)
 l - a +0 spear
Armour
 b - a +0 buckler (worn)
 i - a +0 kite shield
Wands
 r - a wand of roots (6)
Scrolls
 c - 5 scrolls of teleportation {unknown}
 e - a scroll of enchant weapon {unknown}
 f - a scroll of silence {unknown}
 g - 2 scrolls of amnesia {unknown}
 j - 5 scrolls of identify {unknown}
 n - a scroll of immolation {unknown}
 p - a scroll of noise {unknown}
 q - a scroll of poison {unknown}
Potions
 d - 4 potions of mutation {unknown}
 k - a potion of degeneration {unknown}
 m - a potion of invisibility


   Skills:
 + Level 5.0 Fighting
 + Level 4.5 Polearms
 + Level 5.1 Dodging
 + Level 5.0 Shields


You had 6 spell levels left.
You didn't know any spells.
Your spell library contained the following spells:

 Spells                   Type           Power      Damage    Failure   Level
 Mercury Vapours          Alch/Air       0%         N/A       56%         2
 Mephitic Cloud           Conj/Alch/Air  0%         N/A       80%         3
 Ignite Poison            Fire/Alch      0%         N/A       99%         4
 Sticky Flame             Fire/Alch      0%         2d4       99%         4
 Freezing Cloud           Conj/Ice/Air   0%         6-21      100%        5
 Ignition                 Fire           0%         3d3       100%        8
 Chain Lightning          Conj/Air       0%         N/A       100%        9
 Fire Storm               Conj/Fire      0%         5d1       100%        9
 Shatter                  Erth           0%         3d5*      100%        9


Dungeon Overview and Level Annotations

Branches:
Dungeon (5/15)             Temple (0/1) D:5

Altars:
Qazlal


Innate Abilities, Weirdness & Mutations

You cannot wear most types of armour.
You are amphibious.
You can wear up to eight rings at the same time.
Your skin changes colour to match your surroundings (Stealth+).
Your rubbery body absorbs attacks. (AC +1, EV +1)
((You are camouflaged when in or above water. (Stealth+)))
You have tentacles for arms and can constrict up to eight enemies at once.


Message History

You hit the adder. You grab the adder.
The adder is severely wounded.
You constrict the adder.
You kill the adder!
Qazlal accepts your kill.
You feel sick.
No target in view!
No target in view!
You feel sick.
You feel sick.
You feel sick.
You feel sick.
You feel sick.
You feel sick.
You are no longer poisoned.
Found a stone staircase leading up.
You hear two shouts!
A two-headed ogre comes into view.
It is wielding two +0 giant spiked clubs.
A two-headed ogre is nearby!
It was a potion of curing.
You feel better.
You feel very mighty all of a sudden.
You barely miss the two-headed ogre.
The two-headed ogre hits you with a +0 giant spiked club!!
Ouch! That really hurt!
The two-headed ogre closely misses you.
You are too injured to fight recklessly!
You are too injured to fight recklessly!
You are too injured to fight recklessly!
You are too injured to fight recklessly!
You puncture the two-headed ogre!
The two-headed ogre is lightly wounded.
You hit the two-headed ogre.
The two-headed ogre is moderately wounded.
The two-headed ogre misses you. The two-headed ogre closely misses you.
You barely miss the two-headed ogre.
The two-headed ogre is moderately wounded.
The two-headed ogre hits you with a +0 giant spiked club!!
* * * LOW HITPOINT WARNING * * *
The two-headed ogre hits you with a +0 giant spiked club!
You die...

##. #######
#....#...#.##
#..O@....## ..#
#######...#
...#######...##
......#....#..##
........##.#....#####
...........##.##.... #
...<.....####......#
.##
#.........†..##.#.##..
##......###.###......#


You could see a two-headed ogre.

Vanquished Creatures
  Eustachio (D:4)
  An ogre (D:4)
  A phantom (D:4)
  Blork the orc (D:4)
  A howler monkey (D:5)
  A hound (D:5)
  An iguana (D:5)
  A sleepcap (D:4)
  Terence (D:2)
  Robin (D:2)
  4 gnolls (D:2)
  8 adders
  3 ribbon worms (D:4)
  A dart slug (D:1)
  5 orcs
  4 bats
  4 endoplasms
  2 giant cockroaches
  12 goblins
  9 hobgoblins
  2 jackals (D:1)
  3 quokkas
  5 ball pythons
  3 frilled lizards
  5 kobolds
  4 rats
84 creatures vanquished.

Vanquished Creatures (others)
  An endoplasm (D:2)
  3 goblins (D:2)
4 creatures vanquished.

Grand Total: 88 creatures vanquished

Notes
Turn   | Place    | Note
-------+----------+-------------------------------------------
     0 | D:1      | BeKind the Octopode Fighter began the quest for the Orb.
     0 | D:1      | Reached XP level 1. HP: 16/16 MP: 1/1
    69 | D:1      | Reached XP level 2. HP: 19/21 MP: 2/2
   115 | D:1      | Found a faded altar of an unknown god.
   124 | D:1      | Prayed at the altar of an unknown god.
   124 | D:1      | Became a worshipper of Qazlal Stormbringer
   124 | D:1      | Reached * piety under Qazlal
   433 | D:2      | Noticed Terence
   440 | D:2      | Killed Terence
   441 | D:2      | Reached XP level 3. HP: 6/26 MP: 3/3
   593 | D:2      | Reached XP level 4. HP: 26/31 MP: 4/4
   712 | D:2      | Noticed Robin
   724 | D:2      | Killed Robin
   725 | D:2      | Reached XP level 5. HP: 34/37 MP: 5/5
   738 | D:2      | Reached ** piety under Qazlal
  1747 | D:4      | Noticed Blork the orc
  1754 | D:4      | Killed Blork the orc
  1755 | D:4      | Reached XP level 6. HP: 43/43 MP: 6/6
  2087 | D:4      | Noticed Eustachio
  2093 | D:4      | Killed Eustachio
  2336 | D:4      | Reached XP level 7. HP: 49/49 MP: 7/7
  2545 | D:5      | Entered Level 5 of the Dungeon
  2551 | D:5      | Found a staircase to the Ecumenical Temple.
  2612 | D:5      | Reached skill level 5 in Dodging
  2612 | D:5      | Reached skill level 5 in Shields
  2615 | D:5      | Reached *** piety under Qazlal
  2701 | D:5      | Reached skill level 5 in Fighting
  2767 | D:5      | Noticed a two-headed ogre
  2773 | D:5      | Slain by a two-headed ogre

Illustrated notes

Levels and vault maps discovered:
D:1:      minmay_arrival_radiant_lines, layout_rooms,
          ebering_ecumenical_altar_webs, minmay_misc_feat_cross,
          grunt_decor_mini_mirrors
D:2:      layout_basic, uniq_terence, uniq_robin
D:3:      layout_rooms, kennysheep_generic_room_6
D:4:      layout_loops_cross, dk_noncrumbling_3, uniq_eustachio,
          uniq_blork_the_orc
D:5:      kennysheep_six_static_rooms, layout_cave_pools, temple_statues,
          nicolae_letterblocks [nicolae_letter_subblock,
          nicolae_letter_subblock, nicolae_letter_subblock,
          nicolae_letter_subblock, nicolae_letter_subblock,
          nicolae_letter_subblock, nicolae_letter_subblock,
          nicolae_letter_subblock, nicolae_letter_subblock,
          nicolae_letter_subblock, nicolae_letter_subblock,
          nicolae_letter_subblock, nicolae_letter_subblock,
          nicolae_letter_subblock, nicolae_letter_subblock,
          nicolae_letter_subblock, nicolae_letter_subblock,
          nicolae_letter_subblock, nicolae_letter_subblock,
          nicolae_letter_subblock, nicolae_letter_subblock,
          nicolae_letter_subblock, nicolae_letter_subblock,
          nicolae_letter_subblock, nicolae_letter_subblock]

Skill      XL: |  1  2  3  4  5  6  7 |
---------------+----------------------+-----
Polearms       | 3 4 |  4.5
Dodging        | 4 5 |  5.1
Shields        | 4 5 |  5.0
Fighting       | 4 5 |  5.0

Action                     |  1- 3 |  4- 6 |  7- 9 || total
---------------------------+-------+-------+-------++-------
  Melee: Trident           |    46 |   105 |    38 ||   189
         Tentacles         |     7 |    12 |     8 ||    27
         Constrict         |     9 |    25 |     7 ||    41
    Use: Potion            |       |     4 |     2 ||     6
   Stab: Sleeping          |     3 |       |       ||     3
         Invisible         |       |     3 |       ||     3
 Armour: Skin              |    13 |    16 |    12 ||    41
  Dodge: Dodged            |    12 |    26 |    11 ||    49
  Block: Buckler           |     3 |    13 |     9 ||    25

Table legend: (Time is in decaauts)
 A = Elapsed time spent in this place.
 B = Non-inter-level travel time spent in this place.
 C = Inter-level travel time spent in this place.
 D = Time resting spent in this place.
 E = Time spent auto-exploring this place.
 F = Levels seen in this place.
 G = Mean time per level.
                   A        B        C        D        E       F      G
               +--------+--------+--------+--------+--------+-----+--------+
         Total |   2804 |   2689 |    115 |     32 |   2187 |   5 |  560.8 |
       Dungeon |   2804 |   2689 |    115 |     32 |   2187 |   5 |  560.8 |
               +--------+--------+--------+--------+--------+-----+--------+

Top non-repeatable levels by time:
     D:4: 849 daAuts
     D:2: 707 daAuts
     D:3: 579 daAuts
     D:1: 438 daAuts
     D:5: 230 daAuts
